cohdb
Replays
Latest Replays
All Replays
Popular Replays
Top Player Replays
Match Explorer
How It Works
Community
CoH3 Stats
Reddit
Sign in to upload your games and track your stats! →
Sign in with Steam
Match 42305565
Unlisted
Match 42305565
Overview
Messages
Build Orders
End
Kettenkrad Recon Vehicle
Construct Infanterie Kompanie
Selects Luftwaffe Battlegroup
Selects Luftwaffe Pioneer Support
Fallschirmpioneer Squad Paradrop
MG 42 Machine Gun Team
Medical Station
MG 42 Bunker
MG 42 Bunker
Selects Stuka Strafing Run
Selects Fallschirmjäger Squad Paradrop
Fallschirmjäger Squad Paradrop
Stuka Strafing Run
MG 42 Bunker
Selects Flak 38 Anti-Air Emplacement
Construct Panzergrenadier Kompanie
dicsonn001
Futurn
andrewxu76
Leonard
mp5
Dawes
BANDofBROTHERS
flyroro1980
0
0
Comments
sign in to comment!
No comments posted yet!